 Dungeon Crawl Stone Soup version 0.28-a0-851-g8b9cc49659 (webtiles) character file.

Game seed: 2453261077304626517

208088 marklar909 the Severer (level 18, -9/171 HPs)
             Began as a Palentonga Berserker on Nov 14, 2021.
             Was the Champion of Trog.
             Shot with an arrow by a deep elf archer (10 damage)
             ... on level 1 of the Elven Halls.
             The game lasted 01:22:21 (44389 turns).

marklar909 the Severer (Palentonga Berserker)      Turns: 44389, Time: 01:22:21

Health: -9/171     AC: 44    Str: 24    XL:     18   Next: 11%
Magic:  0/6        EV:  8    Int: 11    God:    Trog [******]
Gold:   1026       SH:  0    Dex: 23    Spells: 17/17 levels left

rFire   + + +      SeeInvis +   Y - +4 executioner's axe (antimagic)
rCold   + . .      Faith    .   (shield currently unavailable)
rNeg    + . .      Spirit   +   w - +8 chain mail of Meylaodd {rF+++ Str-2 Dex+4 Stlth-}
rPois   .          Reflect  .   X - +2 hat {Will+}
rElec   .          Harm     .   q - +2 cloak {rCorr}
rCorr   +          Rampage  .   S - +1 pair of gloves {Stlth+}
Will    +++..                   Q - +3 barding of Tartarus {*Slow Will+ Int+3 Dex+2}
Stlth   ..........              T - amulet of Haaffaef {Spirit Fly Dex+5}
HPRegen 0.38/turn               n - ring of positive energy
MPRegen 0.10/turn               x - ring of protection from cold

@: lethally poisoned (-9 -> -22), on berserk cooldown, flying, curled up
A: large, rugged brown scales 3, see invisible, deformed body, roll 1, armoured
tail, reflexive curl
}: 1/15 runes: barnacled
a: Rolling Charge, Renounce Religion, Berserk, Trog's Hand, Brothers in Arms


You were on level 1 of the Elven Halls.
You worshipped Trog.
Trog was exalted by your worship.
You visited 6 branches of the dungeon, and saw 29 of its levels.
You visited the Abyss 1 time.

You collected 3076 gold pieces.
You spent 2050 gold pieces at shops.

Inventory:

Hand Weapons
 a - the +14 obsidian axe {vorpal, Mesm Drain Fly SInv}
   (You found it on level 5 of the Lair of Beasts)

   It inflicts extra damage upon your enemies.
   It occasionally summons demons to assist the wielder when it strikes in
   combat.
   Its wielder is mesmerised by any visible foes.
   It cannot be unequipped while any foes are visible.
   SInv:      It lets you see invisible.
   Fly:       It grants you flight.
   Drain:     It drains your maximum health when unequipped.
 b - a +4 broad axe of flaming
 P - the +6 great mace of the Ass {spect, Will+ Int+3 SInv}
   (You acquired it on level 1 of the Shoals)

   When its wielder attacks, the weapon's spirit leaps out and strikes again.
   The spirit shares a part of any damage it takes with its wielder.
   Int:       It affects your intelligence (+3).
   SInv:      It lets you see invisible.
   Will:      It increases your willpower.
 Y - a +4 antimagic executioner's axe (weapon)
Missiles
 E - 8 throwing nets
Armour
 f - the +6 scale mail "Mytaarph" {Regen+ Stlth+}
   (You bought it in a shop on level 4 of the Shoals)

   Regen:     It increases your rate of health regeneration.
   Stlth:     It makes you more stealthy.
 g - a +0 buckler
 q - a +2 cloak of preservation (worn)
 w - the +8 chain mail of Meylaodd (worn) {rF+++ Str-2 Dex+4 Stlth-}
   (You found it on level 8 of the Dungeon)

   Str:       It affects your strength (-2).
   Dex:       It affects your dexterity (+4).
   rF:        It renders you almost immune to fire.
   Stlth:     It makes you less stealthy.
 Q - the +3 barding of Tartarus (worn) {*Slow Will+ Int+3 Dex+2}
   (You acquired it on level 1 of the Lair of Beasts)

   Int:       It affects your intelligence (+3).
   Dex:       It affects your dexterity (+2).
   *Slow:     It may slow you when you take damage.
   Will:      It increases your willpower.
 S - a +1 pair of gloves of stealth (worn)
 X - a +2 hat of willpower (worn)
Jewellery
 h - an amulet of magic regeneration
 j - a ring of resist corrosion
 n - a ring of positive energy (left hand)
 o - a ring of poison resistance
 u - an amulet of reflection
 v - a ring of magical power
 x - a ring of protection from cold (right hand)
 L - a +4 ring of evasion
 T - the amulet of Haaffaef (around neck) {Spirit Fly Dex+5}
   (You found it on level 6 of the Lair of Beasts)

   [amulet of guardian spirit]

   It causes incoming damage to be divided between your reserves of health and
   magic.
   Dex:       It affects your dexterity (+5).
   Fly:       It grants you flight.
 W - the amulet of Oenomania {RegenMP rPois rF+}
   (You found it on level 4 of the Shoals)

   [amulet of magic regeneration]

   It increases your rate of magic regeneration.
   rF:        It protects you from fire.
   rPois:     It protects you from poison.
 Z - a +4 ring of evasion
Wands
 t - a wand of charming (11)
 B - a wand of mindburst (21)
 F - a wand of flame (45)
 K - a wand of iceblast (33)
 R - a wand of polymorph (26)
 U - a wand of acid (14)
Scrolls
 l - 5 scrolls of fog
 y - 9 scrolls of teleportation
 A - a scroll of blinking
 G - 5 scrolls of magic mapping
 N - a scroll of identify
 O - a scroll of fear
 V - a scroll of silence
Potions
 c - 4 potions of magic
 d - a potion of heal wounds
 i - 8 potions of curing
 k - 6 potions of attraction
 m - 3 potions of ambrosia
 p - 8 potions of haste
 r - 5 potions of flight
 s - 5 potions of mutation
 z - a potion of berserk rage
 C - a potion of resistance
 H - 5 potions of lignification
 I - 2 potions of cancellation
 J - 4 potions of invisibility
 M - 4 potions of might
Miscellaneous
 e - a lightning rod (4/4)
 D - a phantom mirror


   Skills:
 * Level 19.1 Fighting
 + Level 19.9(20.1) Axes
 + Level 4.1(13.7) Maces & Flails
 * Level 13.3 Armour
 + Level 5.4 Dodging
 + Level 2.5 Stealth
 + Level 4.4 Shields
 + Level 6.5 Evocations


You had 17 spell levels left.
You didn't know any spells.
Your spell library was empty.

Dungeon Overview and Level Annotations

Branches:
Dungeon (15/15)            Temple (0/1) D:5            Lair (6/6) D:9
 Shoals (4/4) Lair:4       Spider (1/4) Lair:4        Slime (0/5) Lair:6
    Orc (2/2) D:9             Elf (1/3) Orc:2        Vaults (0/5) D:13
 Depths (0/4) D:15

Altars:
Okawaru
Wu Jian
The Shining One
Beogh

Shops:
D:4 (   D:8 *   D:11 *   Orc:2 *:[(   Elf:1 [   Shoals:4 ?![[(

Annotations:
D:3 3 runed translucent doors, marklar909's ghost, amateur PaFi
Lair:5 1 runed translucent door, Caath's ghost, journeyman DrFi


Innate Abilities, Weirdness & Mutations

You are completely covered in rugged brown scales. (AC +3, +7% HP)
You have supernaturally acute eyesight. (SInv)
Armour fits poorly on your strangely shaped body.
You can roll at nearby foes to attack.
You have a long armoured tail.
You curl defensively after being hit. (AC +7*)


Message History

You kill the deep elf pyromancer!
Trog accepts your kill.
Trog appreciates your killing of a magic user.
You feel very sick.
The +0 glaive of venom hits you from afar!
* * * LOW HITPOINT WARNING * * *
You are more poisoned.
You are too berserk!
Unknown command.
You feel extremely sick.
The deep elf archer shoots an arrow.
The arrow hits you!
* * * LOW HITPOINT WARNING * * *
There is a large open door, spattered with blood here.
You feel a strong urge to attack something.
You feel very sick.
The deep elf archer shoots an arrow.
The arrow hits you!
* * * LOW HITPOINT WARNING * * *
You are no longer berserk.
You are exhausted.
You feel yourself slow down.
* * * LOW HITPOINT WARNING * * *
You feel very sick.
The deep elf archer casts a spell.
The deep elf archer blinks!
You feel better.
The deep elf archer shoots an arrow.
The arrow hits you!
* * * LOW HITPOINT WARNING * * *
The +0 glaive of venom hits you from afar.
* * * LOW HITPOINT WARNING * * *
You are lethally poisoned!
Unknown command.
Okay, then.
Your magical effects are unravelling.
You feel magically purged.
You feel yourself speed up.
* * * LOW HITPOINT WARNING * * *
You feel very sick.
The +0 glaive of venom hits you but does no damage.
You are more poisoned.
The deep elf archer shoots an arrow.
The arrow hits you!
You die...

#### ##...# ########
##....)###....e.###
.'....).(.@.......
.'.....)'.)####..#
##......##)## #..#
####+####..###..# ...#
#.......# ...####..##...#
# #........##.### #.
#)######+##'##
###..####.##.........####


You could see a deep elf archer (repels missiles) and a +0 glaive of venom.

Vanquished Creatures
  Saint Roka (Orc:2)
  A kraken (Shoals:1)
  The ghost of snackwell the Brawler, an adept TrCA of Ignis (Shoals:2)
  Polyphemus (Shoals:3)
  The ghost of Loucydgh the Impaler, an adept MfGl of the Shining One (Shoals:2)
  Agnes (D:15)
  Gastronok (D:11)
  An orc warlord (D:9)
  A frost giant (Shoals:4)
  Aizul (Shoals:1)
  An emperor scorpion (D:15)
  A deep elf demonologist (Elf:1)
  A starcursed mass (Abyss:2)
  A dire elephant (D:15)
  An ettin (Orc:1)
  3 merfolk javelineers
  8 merfolk impalers
  A deep elf death mage (Elf:1)
  Harold (D:11)
  18 hydras
  A boulder beetle (Lair:3)
  3 ogre magi
  4 vault guards (D:13)
  A merfolk avatar (Shoals:2)
  A death knight (D:14)
  2 catoblepae
  9 merfolk aquamancers
  4 centaur warriors
  4 two-headed ogres
  9 dancing weapons (Elf:1)
  7 death yaks
  A deep troll shaman (Lair:6)
  An orc high priest (Orc:2)
  3 satyrs
  A large abomination (Abyss:2)
  6 deep elf knights
  4 skeletal warriors (D:15)
  13 sea snakes
  4 deep elf archers (Elf:1)
  A wizard (D:15)
  A lindwurm (Lair:6)
  21 harpies
  13 deep elf pyromancers
  3 orc knights
  3 oklob plants
  3 orc sorcerers
  6 deep elf zephyrmancers (Elf:1)
  A wolf spider (Spider:1)
  13 cyclopes
  10 fauns
  5 slime creatures (D:15)
  10 manticores
  11 ugly things
  7 black mambas
  9 elephants
  A salamander (D:15)
  A salamander (shapeshifter) (Abyss:1)
  Joseph (D:8)
  14 merfolk sirens
  Maurice (D:12)
  4 water nymphs
  24 cane toads
  Psyche (D:8)
  2 gargoyles
  2 efreet
  Maggie (D:7)
  4 rime drakes
  11 komodo dragons
  A yaktaur (D:13)
  3 meliai (Lair:4)
  6 trolls
  5 jumping spiders (Lair:4)
  A queen bee (Lair:4)
  21 merfolk
  5 wind drakes
  6 polar bears
  Grinder (D:5)
  19 blink frogs
  11 snapping turtles
  18 dream sheep
  Sigmund (D:2)
  A shadow (D:11)
  A tarantella (D:14)
  4 wyverns
  A vampire (D:12)
  3 wraiths
  A ynoxinul (Abyss:2)
  2 air elementals (Elf:1)
  2 fire elementals (Elf:1)
  10 redbacks
  2 centaur simulacra (D:10)
  52 yaks
  27 water elementals
  Eustachio (D:5)
  6 basilisks
  A steam dragon (D:11)
  Grum (D:8)
  3 vampire mosquitoes (D:14)
  8 wargs
  3 acid dragons
  A naga (shapeshifter) (D:10)
  15 water moccasins
  Duvessa (D:7)
  3 ice beasts
  33 orc warriors
  2 sky beasts
  4 black bears
  A necrophage (D:7)
  The ghost of marklar909 the Skirmisher, an amateur PaAK of Lugonu (D:6)
  29 wolves
  8 ogres
  14 centaurs
  A phantom (D:5)
  A kobold brigand (D:9)
  A bullfrog (shapeshifter) (D:15)
  18 bullfrogs
  2 scorpions
  Dowan (D:7)
  2 water moccasin skeletons
  A small abomination (Abyss:2)
  31 killer bees
  12 wights
  4 electric eels
  6 howler monkeys
  2 bullfrog zombies (D:5)
  3 centaur zombies
  3 hounds
  26 orc priests
  A gnoll shaman (D:6)
  2 jellies (D:4)
  3 iguanas
  20 orc wizards
  18 hell rats
  Terence (D:2)
  A hound skeleton (D:4)
  A howler monkey zombie (D:9)
  Robin (D:2)
  A howler monkey skeleton (D:6)
  11 adders
  9 gnolls
  A river rat (Lair:4)
  4 white imps
  2 ufetubi (D:10)
  2 adder skeletons (D:4)
  4 worms
  A dart slug (D:2)
  96 orcs
  5 ball pythons
  3 bats
  5 endoplasms
  5 giant cockroaches
  15 goblins
  12 hobgoblins
  8 jackals
  13 kobolds
  4 quokkas
  5 frilled lizards
  5 rats
1020 creatures vanquished.

Vanquished Creatures (collateral kills)
  An orc warlord (Orc:2)
  A frost giant (Shoals:4)
  A merfolk javelineer (Shoals:4)
  6 merfolk impalers
  2 merfolk aquamancers
  An orc sorcerer (Orc:2)
  6 fauns
  3 cyclopes (Shoals:1)
  3 manticores
  2 merfolk sirens
  A water nymph (Shoals:2)
  7 merfolk
  Blork the orc (D:4)
  3 orc wizards (Orc:2)
  3 orcs (Orc:2)
41 creatures vanquished.

Vanquished Creatures (others)
  A deep elf zephyrmancer (Elf:1)
  A manticore (D:14)
  An orc priest (Orc:1)
  47 fungi
  117 plants
  8 withered plants
175 creatures vanquished.

Grand Total: 1236 creatures vanquished

Notes
Turn   | Place    | Note
-------+----------+-------------------------------------------
     0 | D:1      | marklar909 the Palentonga Berserker began the quest for the
                  | Orb.
     0 | D:1      | Reached XP level 1. HP: 19/19 MP: 1/1
   222 | D:1      | Reached XP level 2. HP: 17/25 MP: 2/2
   974 | D:2      | Reached XP level 3. HP: 31/31 MP: 3/3
  1172 | D:2      | Noticed Terence
  1183 | D:2      | Killed Terence
  1185 | D:2      | Reached XP level 4. HP: 34/38 MP: 4/4
  1185 | D:2      | Reached ** piety under Trog
  1322 | D:2      | Noticed Robin
  1335 | D:2      | Killed Robin
  1405 | D:2      | Noticed Sigmund
  1657 | D:2      | Found an iron altar of Okawaru.
  1669 | D:2      | Killed Sigmund
  1670 | D:2      | Reached skill level 5 in Axes
  1670 | D:2      | Reached XP level 5. HP: 44/44 MP: 5/5
  1846 | D:2      | Reached XP level 6. HP: 48/51 MP: 6/6
  2619 | D:3      | Noticed marklar909's ghost (amateur PaFi)
  2923 | D:3      | Found a runed translucent gate.
  2923 | D:3      | Found a runed translucent gate.
  2923 | D:3      | Found a runed translucent gate.
  3512 | D:3      | Noticed a sky beast
  3522 | D:3      | Killed a sky beast
  3561 | D:3      | Found a glowing golden altar of the Shining One.
  4122 | D:4      | Found Fiydace's Weapon Emporium.
  4260 | D:4      | Gained mutation: You curl defensively after being hit. (AC
                  | +7*) [Palentonga growth]
  4260 | D:4      | Reached XP level 7. HP: 57/57 MP: 7/7
  4509 | D:4      | Reached *** piety under Trog
  4523 | D:4      | Noticed Blork the orc
  4534 | D:4      | Killed Blork the orc
  5284 | D:5      | Entered Level 5 of the Dungeon
  5307 | D:5      | Noticed Eustachio
  5479 | D:5      | Reached skill level 5 in Fighting
  5524 | D:5      | Killed Eustachio
  5525 | D:5      | Reached XP level 8. HP: 65/66 MP: 8/8
  5556 | D:5      | Noticed Grinder
  5556 | D:5      | Paralysed by Grinder for 2 turns
  5574 | D:5      | Killed Grinder
  5744 | D:5      | Reached XP level 9. HP: 75/75 MP: 7/9
  6228 | D:5      | Found a staircase to the Ecumenical Temple.
  6824 | D:6      | Found a large runed translucent door.
  6825 | D:6      | Found a large runed translucent door.
  6852 | D:6      | Reached **** piety under Trog
  7222 | D:6      | Noticed marklar909's ghost (amateur PaAK)
  7230 | D:6      | Killed marklar909's ghost
  7313 | D:7      | Noticed a two-headed ogre
  7431 | D:7      | Killed a two-headed ogre
  7432 | D:7      | Reached skill level 10 in Axes
  7432 | D:7      | Reached skill level 5 in Armour
  7802 | D:7      | Reached XP level 10. HP: 87/87 MP: 8/10
  7893 | D:7      | Noticed Maggie
  7900 | D:7      | Killed Maggie
  8007 | D:7      | Noticed Duvessa
  8007 | D:7      | Noticed Dowan
  8014 | D:7      | Killed Duvessa
  8017 | D:7      | Killed Dowan
  8419 | D:8      | Noticed Joseph
  8429 | D:8      | Killed Joseph
  8430 | D:8      | Reached skill level 1 in Stealth
  8486 | D:8      | Noticed Psyche
  8489 | D:8      | Cast into level 1 of the Abyss (Psyche)
  8551 | Abyss:1  | Noticed a tentacled starspawn
  8551 | Abyss:1  | Noticed an apocalypse crab
  8555 | Abyss:1  | Noticed a salamander
  8566 | Abyss:1  | Killed a salamander
  8639 | Abyss:2  | Noticed a starcursed mass
  8653 | Abyss:2  | Killed a starcursed mass
  8689 | Abyss:2  | Noticed a starcursed mass
  8697 | Abyss:2  | Noticed a large abomination
  8710 | Abyss:2  | Killed a large abomination
  8713 | D:8      | Escaped the Abyss
  8725 | D:8      | Killed Psyche
  9278 | D:8      | Reached skill level 1 in Shields
  9376 | D:8      | Identified the +8 chain mail of Meylaodd {rF+++ Str-2 Dex+4
                  | Stlth-}
  9717 | D:8      | Found Qappaicu's Assorted Antiques.
  9723 | D:8      | Bought a fizzy orange potion for 19 gold pieces
  9723 | D:8      | Bought a scroll labelled ACSOQIOXOCK for 22 gold pieces
  9723 | D:8      | Bought a blackened peridot ring for 110 gold pieces
  9723 | D:8      | Bought a scroll of teleportation for 66 gold pieces
  9918 | D:8      | Noticed Grum
  9935 | D:8      | Killed Grum
  9936 | D:8      | Reached XP level 11. HP: 96/96 MP: 7/11
 10346 | D:9      | Noticed a brown ugly thing
 10362 | D:9      | Killed a brown ugly thing
 10363 | D:9      | Reached skill level 10 in Fighting
 10896 | D:9      | Found a staircase to the Lair.
 10904 | D:9      | Reached ***** piety under Trog
 11336 | D:9      | Found a staircase to the Orcish Mines.
 11562 | D:10     | Entered Level 10 of the Dungeon
 11935 | D:10     | Noticed an orc knight
 11957 | D:10     | Killed an orc knight
 11958 | D:10     | Reached skill level 1 in Evocations
 12695 | D:10     | Noticed a two-headed ogre
 12701 | D:10     | Killed a two-headed ogre
 13211 | D:11     | Found Xirph's Assorted Antiques.
 13213 | D:11     | Noticed Harold
 13222 | D:11     | Killed Harold
 13228 | D:11     | Noticed a red ugly thing
 13240 | D:11     | Killed a red ugly thing
 13336 | D:11     | Received a gift from Trog
 13398 | D:11     | Bought a fizzy orange potion for 33 gold pieces
 13398 | D:11     | Bought 2 fizzy orange potions for 66 gold pieces
 13398 | D:11     | Bought a sedimented orange potion for 33 gold pieces
 13459 | D:11     | Reached XP level 12. HP: 68/107 MP: 1/12
 13987 | D:11     | Noticed an eight-headed hydra
 14132 | Orc:1    | Entered Level 1 of the Orcish Mines
 14133 | Orc:1    | Noticed an orc warlord
 14442 | D:9      | Killed an orc warlord
 14732 | Orc:1    | Noticed an ettin
 14747 | Orc:1    | Killed an ettin
 15481 | Orc:2    | Entered Level 2 of the Orcish Mines
 15615 | Orc:2    | Noticed an orc warlord
 15992 | Orc:2    | Killed an orc warlord
 15992 | Orc:2    | Received a gift from Trog
 16008 | Orc:2    | Noticed an orc high priest
 16219 | Orc:2    | Killed an orc high priest
 16515 | Orc:2    | Found a staircase to the Elven Halls.
 17520 | Orc:2    | Found Hunann's General Store.
 17529 | Orc:2    | Bought a potion of might for 68 gold pieces
 17529 | Orc:2    | Bought a scroll of enchant weapon for 127 gold pieces
 17728 | Orc:2    | Noticed Saint Roka
 17735 | Orc:2    | Found Dyod Osi's Antique Armour Shoppe.
 18074 | Orc:2    | Killed Saint Roka
 18075 | Orc:2    | Reached skill level 5 in Evocations
 18075 | Orc:2    | Reached XP level 13. HP: 69/116 MP: 4/13
 18278 | Orc:2    | Found Efiycu's Antique Weapon Emporium.
 18287 | Orc:2    | Bought an embroidered cloak for 157 gold pieces
 18422 | Orc:2    | Received a gift from Trog
 18436 | Orc:2    | Found Bakuh's Book Emporium.
 18765 | Lair:1   | Entered Level 1 of the Lair of Beasts
 19079 | Lair:1   | Reached skill level 15 in Axes
 19956 | Lair:1   | Identified a scroll of acquirement
 19956 | Lair:1   | Acquired the +3 barding of Tartarus {*Slow Will+ Int+3
                  | Dex+2}
 20056 | Lair:2   | Identified the +0 chain mail of the Ancient Emperors {-Cast
                  | rElec rC+}
 20141 | Lair:2   | Reached skill level 1 in Maces & Flails
 21257 | Lair:3   | Received a gift from Trog
 21789 | Lair:3   | HP: 5/118 [komodo dragon (12)]
 22772 | Lair:3   | Reached XP level 14. HP: 127/127 MP: 12/14
 24061 | Lair:4   | Reached ****** piety under Trog
 24138 | Lair:4   | Found a staircase to the Shoals.
 24204 | Lair:4   | Found a hole to the Spider Nest.
 24458 | Lair:5   | Received a gift from Trog
 25032 | Lair:5   | Found the +14 obsidian axe {vorpal, Mesm Drain Fly SInv}
 25278 | Lair:5   | Found a runed translucent door.
 25278 | Lair:5   | Noticed Caath's ghost (journeyman DrFi)
 26167 | Lair:6   | Entered Level 6 of the Lair of Beasts
 26784 | Lair:6   | Reached XP level 15. HP: 123/131 MP: 13/15
 26861 | Lair:6   | Reached skill level 15 in Fighting
 27548 | Lair:6   | Identified the amulet of Haaffaef {Spirit Fly Dex+5}
 27552 | Lair:6   | Found a staircase to the Slime Pits.
 27716 | Lair:6   | Received a gift from Trog
 28425 | D:11     | Noticed Gastronok
 28435 | D:11     | Killed Gastronok
 28773 | D:12     | Noticed Maurice
 28780 | D:12     | Killed Maurice
 29786 | D:13     | Found a gate to the Vaults.
 30476 | D:14     | Found a gate leading to a gauntlet.
 30499 | D:14     | Reached skill level 10 in Armour
 31230 | D:14     | Received a gift from Trog
 31645 | D:15     | Entered Level 15 of the Dungeon
 32308 | D:15     | Found a staircase to the Depths.
 32494 | D:15     | Reached XP level 16. HP: 147/147 MP: 16/16
 32498 | D:15     | Noticed Agnes
 32506 | D:15     | Killed Agnes
 32776 | D:15     | Found an ornate altar of the Wu Jian Council.
 33814 | Shoals:1 | Entered Level 1 of the Shoals
 33814 | Shoals:1 | Noticed Aizul
 33836 | Shoals:1 | Killed Aizul
 34122 | Shoals:1 | Received a gift from Trog
 34743 | Shoals:1 | Acquired the +6 great mace of the Ass {spect, Will+ Int+3
                  | SInv}
 35079 | Shoals:1 | Noticed a kraken
 35100 | Shoals:1 | Killed a kraken
 36076 | Shoals:2 | Found a runed translucent gate.
 36076 | Shoals:2 | Found a runed translucent gate.
 36076 | Shoals:2 | Found a runed translucent gate.
 36076 | Shoals:2 | Noticed snackwell's ghost (adept TrCA)
 36086 | Shoals:2 | Received a gift from Trog
 36089 | Shoals:2 | Noticed Loucydgh's ghost (adept MfGl)
 36871 | Shoals:2 | Identified the +0 robe "Mismyleq" {Int+6 Stlth+}
 36907 | Shoals:2 | Killed Loucydgh's ghost
 36910 | Shoals:2 | Killed snackwell's ghost
 37160 | Shoals:3 | Noticed Polyphemus
 37176 | Shoals:3 | Reached skill level 5 in Dodging
 38138 | Shoals:3 | Reached XP level 17. HP: 133/159 MP: 14/17
 39031 | Shoals:3 | Killed Polyphemus
 39293 | Shoals:4 | Entered Level 4 of the Shoals
 39420 | Shoals:4 | Found Wuzxiasch's Antique Armour Shoppe.
 39428 | Shoals:4 | Bought a faintly glowing scale mail for 180 gold pieces
 39428 | Shoals:4 | Identified the +6 scale mail "Mytaarph" {Regen+ Stlth+}
                  | (You bought it in a shop on level 4 of the Shoals)
 39461 | Shoals:4 | Received a gift from Trog
 39687 | Shoals:4 | Found Gyecvea's Magic Scroll Shop.
 39690 | Shoals:4 | Bought a scroll of identify for 28 gold pieces
 39690 | Shoals:4 | Bought a scroll of magic mapping for 49 gold pieces
 39690 | Shoals:4 | Bought a scroll of teleportation for 42 gold pieces
 39690 | Shoals:4 | Bought a scroll of acquirement for 728 gold pieces
 39690 | Shoals:4 | Acquired a +1 pair of gloves of stealth
 39915 | Shoals:4 | Found Teysakul's Antique Armour Boutique.
 40130 | Shoals:4 | Found Ereqoz's Antique Weapon Shoppe.
 40391 | Shoals:4 | Found Noxkix's Distillery.
 40394 | Shoals:4 | Bought a potion of heal wounds for 70 gold pieces
 40394 | Shoals:4 | Bought a potion of heal wounds for 70 gold pieces
 40394 | Shoals:4 | Bought a potion of haste for 140 gold pieces
 40394 | Shoals:4 | Bought a potion of curing for 42 gold pieces
 41420 | Shoals:4 | Identified the amulet of Oenomania {RegenMP rPois rF+}
 41579 | Shoals:4 | Got a barnacled rune of Zot
 41908 | Spider:1 | Entered Level 1 of the Spider Nest
 42272 | Elf:1    | Entered Level 1 of the Elven Halls
 42272 | Elf:1    | Found Apsoogh's Armour Emporium.
 42527 | Elf:1    | Received a gift from Trog
 43842 | Elf:1    | Reached XP level 18. HP: 169/170 MP: 4/18
 44230 | Elf:1    | Paralysed by an air elemental for 1 turns
 44365 | Elf:1    | Received a gift from Trog
 44388 | Elf:1    | HP: 8/171 [deep elf archer/arrow (15)]
 44389 | Elf:1    | HP: 1/171 [poisoned by a +0 glaive of venom]
 44389 | Elf:1    | Shot with an arrow by a deep elf archer

Illustrated notes

Levels and vault maps discovered:
D:1:      elethiomel_arrival_quiet, layout_basic
D:2:      layout_basic, basic_altar, minivault_11, minivault_24,
          guppyfry_early_orc_mine, uniq_terence, uniq_robin, uniq_sigmund
D:3:      layout_basic, nicolae_tso_carved_into_rock, gammafunk_ghost_icy,
          grunt_ministairs_6, minmay_bisected
D:4:      layout_cave_pools, serial_shops, nicolae_take_the_stairs,
          hangedman_minor_gate_pass, uniq_blork_the_orc
D:5:      layout_basic, minmay_temple_entry_sparse_star, uniq_eustachio,
          uniq_grinder
D:6:      layout_rooms, ebering_ghost_disaster_area
D:7:      layout_basic, hex_tiny, minmay_misc_feat_columns, uniq_duvessa,
          uniq_maggie
D:8:      layout_gridville, serial_shops, shop, uniq_psyche, uniq_joseph,
          uniq_grum
D:9:      layout_cave_pods, erik_lair_orcish_takeover, orc_0_dummy,
          kennysheep_flooded_box
D:10:     kennysheep_steamy, layout_grid_maze, serial_ice, serial_ice_n,
          serial_ice_a, serial_ice_c, serial_ice_f
D:11:     layout_long_grid, serial_shops, shop, uniq_harold, uniq_gastronok
D:12:     layout_small_grid, uniq_maurice
D:13:     layout_roguey, grunt_vaults_entry_fortified, serial_curves,
          eino_curves_01, eino_curves_04
D:14:     kennysheep_blocky_room, layout_loops_ring,
          infiniplex_staircase_zigzag_1, gauntlet_entry_generic
D:15:     hangedman_depths_entry_try_elsewhere_first, layout_basic,
          pdpol_wu_jian_five_deadly_venoms, uniq_agnes
Lair:1:   layout_gridlike
Lair:2:   layout_loops_ring, hangedman_lair_unloving_vines
Lair:3:   nzn_winding_woodlands_medium [nzn_winding_woodlands_5x5_open_star,
          nzn_winding_woodlands_5x15_crooked, nzn_winding_woodlands_5x5_default,
          nzn_winding_woodlands_5x5_default, nzn_winding_woodlands_center_lodge,
          nzn_winding_woodlands_hourglass, nzn_winding_woodlands_5x5_default,
          nzn_winding_woodlands_5x15_default,
          nzn_winding_woodlands_5x5_closed_star], layout_cave_pods
Lair:4:   regret_index_tunnel_blossom, layout_hall_layers,
          minmay_shoals_entry_hut, nicolae_spider_entry_tight_spaces,
          serial_bayou_shore_b
Lair:5:   layout_roguey, gammafunk_ghost_grave
Lair:6:   grunt_lair_end_beastmaster, layout_big_grid,
          minmay_slime_entry_oklob_enclosed, chequers_serial_rivers_micro_e
Shoals:1: layout_shoals, st_cyclops, uniq_aizul
Shoals:2: layout_shoals, gammafunk_ghost_cemetery,
          nicolae_shoals_nymph_descending_staircase
Shoals:3: cheibrodos_shoals_oceanic_diplomacy, layout_shoals, uniq_polyphemus
Shoals:4: shoals_end_grunt_ice, layout_shoals, serial_shops, shop,
          nicolae_shop_window_shopping, shop_fountains,
          nicolae_shop_behind_doors, nicolae_shop_crystal
Spider:1: layout_chambers
Orc:1:    layout_caves
Orc:2:    grunt_orc_community_town_hall, layout_caves,
          grunt_orc_community_big_house_2, grunt_orc_community_big_house_2,
          grunt_orc_community_house_1, grunt_orc_community_house_2,
          grunt_orc_community_house_3, grunt_orc_community_house_1,
          minmay_orc_temple_b
Elf:1:    minmay_the_grid_3x3 [minmay_the_grid_eight, minmay_the_grid_gridbox,
          minmay_the_grid_plusring, minmay_the_grid_armoury,
          minmay_the_grid_aliased_spiral, minmay_the_grid_fan,
          minmay_the_grid_broken_lines, minmay_the_grid_minigrid_large,
          minmay_the_grid_prize_shrinking_boxes], layout_gridlike,
          portal_desolation_entry_twin_temple, serial_shops, shop, basic_altar,
          hangedman_elven_crosses_minicolossus,
          nicolae_elf_loose_elemental_storage

Skill      XL: |  1  2  3  4  5  6  7  8  9 10 11 12 13 14 15 16 17 18 |
---------------+-------------------------------------------------------+-----
Armour         | 2 3 4 5 6 7 9 10 12 13 | 13.3
Axes           | 4 5 6 7 8 10 11 13 14 15 17 18 19 | 19.9
Dodging        | 2 3 4 5 |  5.4
Fighting       | 4 5 6 8 9 11 12 13 14 16 17 18 19 | 19.1
Stealth        | 1 2 |  2.5
Shields        | 1 2 3 4 |  4.4
Evocations     | 3 5 6 |  6.5
Maces & Flails | 2 4 |  4.1

Action                   |  1- 3 |  4- 6 |  7- 9 | 10-12 | 13-15 | 16-18 || total
-------------------------+-------+-------+-------+-------+-------+-------++-------
Melee: Hand axe          |    66 |   185 |       |       |    16 |       ||   267
       Tailslap          |    11 |    24 |    35 |    94 |   175 |   154 ||   493
       War axe           |       |    11 |   253 |   329 |       |       ||   593
       Battleaxe         |       |       |       |   160 |       |       ||   160
       Executioner's axe |       |       |       |   128 |   829 |   179 ||  1136
       Dire flail        |       |       |       |       |   126 |       ||   126
       Broad axe         |       |       |       |       |     5 |   505 ||   510
Invok: Berserk           |     2 |     7 |    16 |    35 |    31 |    13 ||   104
       Trog's Hand       |       |     1 |     1 |     4 |     1 |     3 ||    10
       Brothers in Arms  |       |       |       |     2 |       |     1 ||     3
 Abil: Rolling Charge    |     5 |     3 |     6 |     6 |    20 |     6 ||    46
Evoke: Lightning rod     |       |       |       |       |       |     7 ||     7
       Phantom mirror    |       |       |       |       |       |     1 ||     1
  Use: Scroll            |     3 |     7 |     9 |     8 |    11 |     8 ||    46
       Potion            |       |       |       |     2 |     4 |     6 ||    12
 Stab: Distracted        |       |       |       |     2 |       |     4 ||     6
Armor: Animal skin       |    16 |       |       |       |       |       ||    16
       Scale mail        |    14 |    90 |   156 |       |       |       ||   260
       Steam dragon scal |       |       |       |    20 |       |       ||    20
       Chain mail        |       |       |       |   393 |  1162 |   652 ||  2207
       Skin              |       |       |       |     9 |       |       ||     9
Dodge: Dodged            |    21 |    90 |   108 |   207 |   384 |   210 ||  1020
Block: Buckler           |       |       |     8 |    63 |       |   154 ||   225

Table legend: (Time is in decaauts)
 A = Elapsed time spent in this place.
 B = Non-inter-level travel time spent in this place.
 C = Inter-level travel time spent in this place.
 D = Time resting spent in this place.
 E = Time spent auto-exploring this place.
 F = Levels seen in this place.
 G = Mean time per level.
                   A        B        C        D        E       F      G
               +--------+--------+--------+--------+--------+-----+--------+
         Total |  45264 |  41183 |   4081 |  13294 |  21597 |  31 | 1460.1 |
       Dungeon |  20868 |  19017 |   1851 |   5799 |  10486 |  15 | 1391.2 |
          Lair |  10129 |   9121 |   1008 |   2603 |   5139 |   6 | 1688.2 |
        Shoals |   7801 |   7241 |    560 |   2136 |   4002 |   4 | 1950.2 |
   Spider Nest |    188 |    187 |      1 |    178 |      0 |   1 |  188.0 |
  Orcish Mines |   4134 |   3542 |    592 |   1716 |   1222 |   2 | 2067.0 |
   Elven Halls |   1903 |   1836 |     67 |    838 |    747 |   1 | 1903.0 |
         Abyss |    239 |    239 |      0 |     23 |      0 |   2 |  119.5 |
               +--------+--------+--------+--------+--------+-----+--------+

Top non-repeatable levels by time:
   Orc:2: 2728 daAuts
     D:9: 2456 daAuts
Shoals:4: 2426 daAuts
Shoals:2: 2161 daAuts
  Lair:2: 1967 daAuts
  Lair:4: 1965 daAuts
     D:8: 1961 daAuts
   Elf:1: 1903 daAuts
  Lair:5: 1774 daAuts
Shoals:3: 1741 daAuts
    D:10: 1657 daAuts
     D:2: 1633 daAuts
  Lair:3: 1622 daAuts
    D:13: 1570 daAuts
     D:4: 1532 daAuts
